 Dungeon Crawl Stone Soup version 0.30-a0-1008-g30c9307041 (webtiles) character file.

Game seed: 12669962666891791641

23 qeuew the Trooper (level 2, -1/24 HPs)
             Began as a Demonspawn Chaos Knight on Apr 5, 2023.
             Was a Plaything of Xom.
             Slain by a phantom (7 damage)
             ... on level 2 of the Dungeon.
             The game lasted 00:00:54 (477 turns).

qeuew the Trooper (Demonspawn Chaos Knight)          Turns: 477, Time: 00:00:56

Health: -1/24      AC:  5    Str: 12    XL:     2   Next: 75%
Magic:  2/2        EV: 11    Int: 13    God:    Xom [*.....]
Gold:   22         SH:  0    Dex: 12    Spells: 1/1 levels left

rFire   . . .      SeeInvis .    a - +0 hand axe (chaos)
rCold   . . .      Faith    .    (no shield)
rNeg    . . .      Spirit   .    b - +2 leather armour
rPois   .          Reflect  .    (no helmet)
rElec   .          Rampage  .    (no cloak)
rCorr   .                        (no gloves)
Will    .....                    (no boots)
Stlth   +                        (no amulet)
HPRegen 0.24/turn                l - ring of flight
MPRegen 0.08/turn                (no ring)

@: flying
A: demonic magic 1
a: Renounce Religion


You were on level 2 of the Dungeon.
You worshipped Xom.
You were a special plaything of Xom.
You visited 1 branch of the dungeon, and saw 2 of its levels.

You collected 22 gold pieces.

Inventory:

Hand Weapons
 a - a +0 hand axe of chaos (weapon)
Armour
 b - a +2 leather armour (worn)
Jewellery
 l - a ring of flight (left hand)
Scrolls
 e - 3 scrolls of amnesia {unknown}
 f - a scroll of fog {unknown}
 g - 2 scrolls of enchant armour {unknown}
 h - a scroll of vulnerability {unknown}
 i - 2 scrolls of identify {unknown}
 k - a scroll of noise {unknown}
Potions
 d - a potion of heal wounds {unknown}
 j - 2 potions of mutation {unknown}
Miscellaneous
 c - a piece from Xom's chessboard (15/15) (quivered)


   Skills:
 + Level 3.2 Fighting
 + Level 2.9 Axes
 + Level 2.1 Armour
 + Level 1.3 Dodging
 + Level 0.9 Evocations


You had one spell level left.
You didn't know any spells.
Your spell library was empty.

Dungeon Overview and Level Annotations

Branches:
Dungeon (1/15)

Altars:


Innate Abilities, Weirdness & Mutations

Spells you cast may paralyse adjacent enemies.


Message History

The phantom is severely damaged.
The phantom hits you.
The phantom blinks!
You blink.
An endoplasm and a rat come into view.
The phantom hits you.
The phantom blinks!
You blink.
The endoplasm moves out of view.
The rat moves out of view.
You are too injured to fight recklessly!
You are too injured to fight recklessly!
You are too injured to fight recklessly!
You are too injured to fight recklessly!
You are too injured to fight recklessly!
You are too injured to fight recklessly!
You are too injured to fight recklessly!
You are too injured to fight recklessly!
You are too injured to fight recklessly!
You are too injured to fight recklessly!
You are too injured to fight recklessly!
You are too injured to fight recklessly!
You are too injured to fight recklessly!
You are too injured to fight recklessly!
You are too injured to fight recklessly!
You completely miss the phantom.
The phantom is severely damaged.
The phantom barely misses you.
The phantom hits you but does no damage.
You hit the phantom. You burn the phantom.
The phantom is severely damaged.
The phantom hits you but does no damage.
You barely miss the phantom.
The phantom is severely damaged.
The phantom hits you.
The phantom blinks!
You blink.
The phantom barely misses you.
You are too injured to fight recklessly!
You completely miss the phantom.
The phantom is severely damaged.
The endoplasm quivers.
The phantom hits you.
* * * LOW HITPOINT WARNING * * *
The phantom hits you!
You die...
Xom snickers!

#.###.#.#
...###.#.#
###.#.....# #[
###)#.###....
#>..?......
#.#.####### ##
#...†....###....
##.....W.<..J...
##..?..@######.
#......#
#....§§#
########


You could see a phantom (fast) and an endoplasm.

Vanquished Creatures
  A dart slug (D:1)
  4 endoplasms (D:1)
  4 giant cockroaches (D:1)
  A goblin (D:1)
  A quokka (D:1)
  6 ball pythons
  2 rats (D:1)
19 creatures vanquished.

Vanquished Creatures (collateral kills)
  A rat (D:1)
1 creature vanquished.

Grand Total: 20 creatures vanquished

Notes
Turn   | Place    | Note
-------+----------+-------------------------------------------
     0 | D:1      | qeuew the Demonspawn Chaos Knight began the quest for the
                  | Orb.
     0 | D:1      | Reached XP level 1. HP: 18/18 MP: 1/1
    41 | D:1      | Reached skill level 1 in Dodging
    53 | D:1      | XOM: silly message
   152 | D:1      | XOM: 2-stop teleportation journey
   159 | D:1      | Gained mutation: Spells you cast may paralyse adjacent
                  | enemies. [demonic ancestry]
   159 | D:1      | Reached XP level 2. HP: 24/24 MP: 2/2
   447 | D:1      | You are sucked into a shaft and drop 1 floor!
   458 | D:2      | Noticed a phantom
   477 | D:2      | Slain by a phantom

Illustrated notes

Levels and vault maps discovered:
D:1:      dpeg_arrival_pits, layout_rooms
D:2:      layout_basic, hellmonk_ecumenical_altar_lost_god, serial_shops,
          nicolae_shop_advertising_works [nicolae_subvault_shop_adworks],
          uniq_natasha

Skill      XL: |  1  2 |
---------------+-------+-----
Dodging        | 1 |  1.3
Armour         | 2 |  2.1
Fighting       | |  3.2
Axes           | |  2.9
Evocations     | |  0.9

Action                     || total
---------------------------++-------
  Melee: Hand axe          ||    74
         Punch             ||     1
 Armour: Leather armour    ||    36
  Dodge: Dodged            ||    37

Table legend: (Time is in decaauts)
 A = Elapsed time spent in this place.
 B = Non-inter-level travel time spent in this place.
 C = Inter-level travel time spent in this place.
 D = Time resting spent in this place.
 E = Time spent auto-exploring this place.
 F = Levels seen in this place.
 G = Mean time per level.
                   A        B        C        D        E       F      G
               +--------+--------+--------+--------+--------+-----+--------+
         Total |    487 |    487 |      0 |      0 |    340 |   2 |  243.5 |
       Dungeon |    487 |    487 |      0 |      0 |    340 |   2 |  243.5 |
               +--------+--------+--------+--------+--------+-----+--------+

Top non-repeatable levels by time:
     D:1: 455 daAuts
     D:2: 32 daAuts
